 Dungeon Crawl Stone Soup version 0.17-a0-1194-gc654e57 (webtiles) character file.

104 Geeful the Skirmisher (level 4, -2/37 HPs)
             Began as a Demonspawn Abyssal Knight on June 2, 2015.
             Was a Follower of Lugonu.
             Slain by an adder (3 damage)
             ... on level 2 of the Dungeon.
             The game lasted 00:10:02 (2803 turns).

Geeful the Skirmisher (Demonspawn Abyssal Knight)   Turns: 2803, Time: 00:10:02

Health: -2/37      AC:  5    Str: 13    XL:     4   Next: 52%
Magic:  5/5        EV: 11    Int: 13    God:    Lugonu [*.....]
Gold:   15         SH:  0    Dex: 13    Spells: 0 memorised, 3 levels left

rFire  + . .     SeeInvis .     a - +1 short sword
rCold  . . .     Clarity  .     b - +0 leather armour
rNeg   . . .     SustAt   .     (no shield)
rPois  .         Gourm    .     (helmet restricted)
rElec  .         Spirit   .     e - +1 cloak
rCorr  +         Warding  .     (no gloves)
rMut   .         Stasis   .     (no boots)
MR     .....                    i - amulet of resist corrosion
Stlth  +++.......               (no ring)
                                g - ring of protection from fire

@: lethally poisoned (-2 -> -9), not resistant to hostile enchantments, fairly
stealthy
A: antennae 1, nightstalker 1
a: Depart the Abyss, Renounce Religion


You were on level 2 of the Dungeon.
You worshipped Lugonu.
Lugonu was aware of your devotion.
You were not hungry.

You visited 1 branch of the dungeon, and saw 2 of its levels.
You visited the Abyss 1 time.

You collected 15 gold pieces.

Inventory:

Hand weapons
 a - a +1 short sword (weapon)
Missiles
 f - 8 tomahawks of returning
 h - 4 javelins (quivered)
Armour
 b - a +0 leather armour (worn)
 e - a +1 cloak (worn)
Jewellery
 g - a ring of protection from fire (left hand)
 i - an amulet of resist corrosion (around neck)
Scrolls
 k - a scroll of magic mapping
 l - a scroll of identify
Comestibles
 c - 5 bread rations
 d - 2 chunks of flesh
 j - 2 meat rations


   Skills:
 + Level 3.7 Fighting
 + Level 2.3 Short Blades
 - Level 1.7 Armour
 + Level 1.6 Dodging
 * Level 2.6 Stealth
 - Level 2.4 Invocations


You had 3 spell levels left.
You didn't know any spells.

Dungeon Overview and Level Annotations

Branches:
Dungeon (2/15)

Altars:
Ashenzari


Innate Abilities, Weirdness & Mutations

You have a pair of small antennae on your head.
You are slightly more attuned to the shadows.


Message History

You aren't carrying any potions.
* * * LOW HITPOINT WARNING * * *
You feel sick.
The hobgoblin shouts!
Throwing (i - inventory. (,) - cycle):
h - 6 javelins (quivered)
Press: ? - help, Shift-Dir - straight line, f - adder
Aim: an adder (heavily wounded)
You throw a javelin. The javelin closely misses the adder.
* * * LOW HITPOINT WARNING * * *
You feel sick. The adder bites you.
* * * LOW HITPOINT WARNING * * *
The adder bites you but does no damage.
Throwing (i - inventory. (,) - cycle):
h - 5 javelins (quivered)
Press: ? - help, Shift-Dir - straight line, f/p - adder
Aim: an adder (heavily wounded)
You throw a javelin. The javelin hits the adder.
The adder is almost dead.
* * * LOW HITPOINT WARNING * * *
You feel sick. The adder bites you.
You die...

# ##........#....
#. ########.....##
....# #.
............##
###....# #.
########.#..#
#....... ## #
#....# #....... #
#.†#.####.....$. #
###..#.##.........
#
##......#..#.......
#
#......##.##@..g...
#
#......##.##S......
##....##..##(......
###..##.####......
#......# #.....
##..#### ##### ####


You could see an adder and a hobgoblin.

Vanquished Creatures
  3 gnolls (D:2)
  4 adders
  A worm (D:2)
  2 ball pythons (D:1)
  3 bats
  A giant cockroach (D:2)
  3 goblins
  3 hobgoblins
  A quokka (D:2)
  3 giant geckos (D:2)
  2 giant newts
  5 kobolds
  8 rats
39 creatures vanquished.

Notes
Turn   | Place    | Note
--------------------------------------------------------------
     0 | Abyss:1  | Geeful the Demonspawn Abyssal Knight began the quest for the Orb.
     0 | Abyss:1  | Reached XP level 1. HP: 18/18 MP: 2/2
    68 | Abyss:1  | Noticed a ynoxinul
    70 | Abyss:1  | Noticed a small abomination
    74 | D:1      | Escaped the Abyss
   524 | D:1      | Acquired Lugonu's first power
   757 | D:1      | Reached skill level 1 in Dodging
   940 | D:1      | Gained mutation: You have a pair of small antennae on your head. [demonic ancestry]
   940 | D:1      | Reached XP level 2. HP: 24/24 MP: 3/3
   951 | D:1      | Reached skill level 1 in Stealth
  1028 | D:1      | Found a shattered altar of Ashenzari.
  1146 | D:1      | Gained mutation: You are slightly more attuned to the shadows. [demonic ancestry]
  1146 | D:1      | Reached XP level 3. HP: 15/29 MP: 4/4
  2394 | D:2      | Reached XP level 4. HP: 35/35 MP: 5/5
  2674 | D:2      | Acquired Lugonu's second power
  2803 | D:2      | HP: 1/37 [poisoned by an adder]
  2803 | D:2      | Slain by an adder

Vault maps used:
D:1:      scummos_arrival_hexagon, minivault_4, st_stairs_4, minivault_24,
          evilmike_ruin_ashenzari
D:2:      first_bread

Action                   |  1- 3 |  4- 6 || total
-------------------------+-------+-------++-------
Melee: Short sword       |   139 |    40 ||   179
Throw: Javelin           |     6 |     5 ||    11
       Tomahawk          |     1 |       ||     1
Invok: Depart the Abyss  |     1 |       ||     1
  Use: Scroll            |     4 |       ||     4
       Potion            |       |     1 ||     1
 Stab: Sleeping          |     4 |       ||     4
  Eat: Chunk             |     5 |     1 ||     6
